Cogmind - Beta 15 @@@ ROGUE MODE // 2025.07.02 @ 18:27:32 Player: LameThyst Result: Destroyed by S-10 Pest with Light Assault Rifle Performance ------------- Evolutions (0) 0 Regions Visited (2) 400 Robots Destroyed (8) 40 Value Destroyed (185) 185 Prototype IDs (0) 0 Alien Tech Used (0) 0 Bonus (0) 0 TOTAL SCORE: 625 Bonus ------- None Cogmind --------- Core Integrity 0/250 Matter 255/300 Energy 89/100 System Corruption 0% Temperature Cool (0) Movement Core (50) Location -10/Mines Parts ------- > --- POWER (1) -------- (None) > --- PROPULSION (2) --- (None) > --- UTILITY (2) ------ (None) > --- WEAPON (2) ------- (None) > --- INVENTORY (5) ---- Light Ion Engine Compact Wheel Small Storage Unit High-capacity Storage Unit Small Battery (100) Peak State ------------ > --- POWER ------------ Ion Engine > --- PROPULSION ------- Light Treads Light Treads > --- UTILITY ---------- Heat Sink Medium Storage Unit > --- WEAPON ----------- Medium Laser Light Assault Rifle > --- INVENTORY -------- Ion Engine Ion Engine Light Ion Engine Light Treads Wheel Compact Wheel Small Storage Unit High-capacity Storage Unit Small Battery Small Laser [Rating: 8] Favorites ----------- Power Ion Engine Engine Ion Engine Propulsion Light Treads Treads Light Treads Leg Aluminum Leg Wheel Compact Wheel Utility Medium Storage Unit Device Heat Sink Storage Medium Storage Unit Weapon Medium Laser Energy Gun Medium Laser Ballistic Gun Light Assault Rifle Build | -11 -10 -10 ------- Run | Yrd Mat Min Slots Evolved . | . . . Power . | . . . Propulsion . | . . . Utility . | . . . Weapon . | . . . Parts Attached 18 | 9 4 5 Power 4 | 1 2 1 Engine 4 | 1 2 1 Core . | . . . Reactor . | . . . Propulsion 6 | 4 . 2 Treads 3 | 2 . 1 Leg 2 | 2 . . Wheel 1 | . . 1 Hover . | . . . Flight . | . . . Utility 5 | 1 2 2 Device 1 | . 1 . Storage 4 | 1 1 2 Processor . | . . . Hackware . | . . . Protection . | . . . Artifact . | . . . Weapon 3 | 3 . . Energy Gun 2 | 2 . . Energy Cannon . | . . . Ballistic Gun 1 | 1 . . Ballistic Cannon . | . . . Launcher . | . . . Special Weapon . | . . . Impact Weapon . | . . . Slashing Weapon . | . . . Piercing Weapon . | . . . Special Melee Weapon . | . . . Unidentified Prototypes . | . . . Parts Lost 7 | . . 7 Power 1 | . . 1 Propulsion 2 | . . 2 Utility 1 | . . 1 Weapon 3 | . . 3 Highest Loss Streak 7 | . . 7 To Critical Strikes . | . . . Average Backups 6 | 4 6 6 Power 1 | . 1 1 Propulsion 2 | 3 2 1 Utility 1 | . 1 2 Weapon . | . 1 . Tool/Special . | . . . Unused Backups 1 | . 1 . Power . | . . . Propulsion 1 | . 1 . Utility . | . . . Weapon . | . . . Tool/Special . | . . . Average Slot Usage (%) 93 | . 97 77 Engine 13 | . 14 12 Treads 25 | . 26 18 Device 7 | . 7 10 Storage 17 | . 18 14 Energy Gun 13 | . 14 11 Ballistic Gun 12 | . 14 9 Peak Build Rating 8 | 6 8 7 Average Rating 6 | 5 6 5 On Entrance 4 | . 6 7 Naked Turns 19 | . . 19 Heaviest Build 44 | 13 23 44 Greatest Support 40 | 40 40 40 Greatest Overweight (x) 2 | . . 2 Average Overweight (x) . | . . . Largest Inventory Capacity 20 | 8 10 20 Average Capacity 9 | 7 9 10 Most Carried 10 | 7 10 8 Average Carried 6 | 5 6 6 Final Capacity 10 | 8 10 5 Final Carried 8 | 6 8 5 Class Distribution -------------------- 100% | Mutant Dominant Class ---------------- Mutant | -10/Materials Mutant | -10/Mines Resources | -11 -10 -10 ----------- Run | Yrd Mat Min Matter Collected 437 | 205 232 . Remotely . | . . . Salvage Created 284 | . 284 . Parts 18 | . 18 . Haulers Intercepted 2 | . 2 . Recyclers Shooed . | . . . Parts Field Recycled . | . . . Retrieved Matter . | . . . Parts Self-Destructed . | . . . Prevented . | . . . Kills | -11 -10 -10 ------- Run | Yrd Mat Min Combat Hostiles Destroyed 4 | . 4 . Guns 4 | . 4 . Classes Destroyed 3 | . 3 . Hauler 2 | . 2 . Watcher 2 | . 2 . Grunt 4 | . 4 . Best Kill Streak 4 | . 4 . Combat Bots Only 3 | . 3 . Max Kills in Single Turn 1 | . 1 . Gunslinging . | . . . Exploded . | . . . Melee . | . . . Uniques/NPCs Destroyed . | . . . Combat | -11 -10 -10 -------- Run | Yrd Mat Min Hostile Shots Fired 44 | . 19 25 Missed 8 | . 5 3 Hits 36 | . 14 22 Projectile 36 | . 14 22 AOE 21 | . . 21 Critical Strikes 1 | . 1 . Damage Taken 1042 | . 190 852 Core 253 | . 22 231 Absorbed by Shields . | . . . Core Remaining (%) 100 | 100 . . Volleys Fired 36 | . 27 9 Largest 2 | . 2 2 Hottest 90 | . 70 90 Shots Fired 70 | . 52 18 Gun 70 | . 52 18 Cannon . | . . . Launcher . | . . . Special . | . . . Kinetic 34 | . 27 7 Thermal 36 | . 25 11 Explosive . | . . . Electromagnetic . | . . . Robot Hit Streak 20 | . 20 3 Robot Miss Streak 4 | . 2 4 Penetration Max . | . . . Secondary Targets . | . . . Shots Hit Robots 42 | . 34 8 Core Hits 18 | . 16 2 Critical Kills . | . . . Critical Parts Destroyed . | . . . Critical Strikes 2 | . 2 . Burn 2 | . 2 . Melee Attacks . | . . . Impact . | . . . Slashing . | . . . Piercing . | . . . Sneak Attacks . | . . . Combat Hostiles . | . . . Follow-up Attacks . | . . . Damage Inflicted 479 | . 383 96 Guns 479 | . 383 96 Cannons . | . . . Explosions . | . . . Melee . | . . . Ramming . | . . . Kinetic 181 | . 147 34 Thermal 298 | . 236 62 Explosive . | . . . Electromagnetic . | . . . Impact . | . . . Slashing . | . . . Piercing . | . . . Highest Corruption . | . . . Average Corruption . | . . . Corruption Purged . | . . . Corruption Blocked . | . . . Overload Shots . | . . . Overflow Damage . | . . . Projectiles . | . . . Explosions . | . . . Melee . | . . . Knockbacks . | . . . Impact . | . . . Kinetic . | . . . Secondary . | . . . Self-Inflicted Damage . | . . . Shots . | . . . Rammed . | . . . Targets Rammed . | . . . Kicked . | . . . Crushed . | . . . Highest Temperature 213 | . 213 20 Average Temperature 52 | . 61 9 Received Heat Transfer 126 | . 126 . Siege Activations . | . . . Martial Activations . | . . . Shielding Activations . | . . . Robots Disrupted . | . . . Combat Hostiles . | . . . Robots Corrupted . | . . . Combat Hostiles . | . . . Parts Fried . | . . . Impact Corruptions . | . . . Robots Melted . | . . . Combat Hostiles . | . . . Parts Melted 3 | . 3 . Heat Transferred 1024 | . 851 173 Parts Sabotaged . | . . . Parts Stolen . | . . . Parts Stripped . | . . . Power Chain Reactions . | . . . Alert | -11 -10 -10 ------- Run | Yrd Mat Min Maximum Alert Level . | . . . Low Security (%) 100 | 100 100 100 Level 1 . | . . . Level 2 . | . . . Level 3 . | . . . Level 4 . | . . . Level 5 . | . . . High Security . | . . . Max Security . | . . . Peak Influence 80 | . 80 5 Initial . | . . . Average 13 | . 22 . Influence Increases 181 | . 176 5 Destroy 0b10 Robot/C 80 | . 80 . Destroy 0b10 Robot/NC 25 | . 20 5 Destroy Leader 18 | . 18 . Successful Hack 13 | . 13 . Lose Combat Pursuer 45 | . 45 . Influence Decreases 181 | . 176 5 Time Decay 148 | . 148 . Lost Part 5 | . . 5 Purge Threat 28 | . 28 . Squads Dispatched . | . . . Investigation . | . . . Extermination . | . . . Reinforcement . | . . . Assault . | . . . Garrison . | . . . Intercept . | . . . Searches Triggered . | . . . Construction Impeded . | . . . Haulers Reinforced . | . . . Active Scanning Responses . | . . . Cargo Convoy Interrupts . | . . . Stealth | -11 -10 -10 --------- Run | Yrd Mat Min Distress Signals 1 | . 1 . Communications Jammed . | . . . Distress Signals . | . . . Times Spotted 15 | . 8 7 Peak Tracking Total 12 | . 5 12 Tactical Retreats 3 | . 2 1 Traps | -11 -10 -10 ------- Run | Yrd Mat Min Traps Triggered . | . . . Indirectly . | . . . Trap Hack Attempts . | . . . Triggered . | . . . Disarmed . | . . . Reprogrammed . | . . . Reused . | . . . Traps Extracted . | . . . Installed . | . . . Triggered . | . . . Machines | -11 -10 -10 ---------- Run | Yrd Mat Min Machines Disabled 1 | . 1 . Max in Single Turn 1 | . 1 . Machines Repaired . | . . . Machines Dismantled . | . . . Machines Sabotaged . | . . . Overloaded Fab Kills . | . . . Hacking | -11 -10 -10 --------- Run | Yrd Mat Min Machines Accessed 3 | . 3 . Terminals 3 | . 3 . Fabricators . | . . . Repair Stations . | . . . Recycling Units . | . . . Scanalyzers . | . . . Garrison Access . | . . . Total Hacks 9 | . 9 . Successful 4 | . 4 . Failed 5 | . 5 . Catastrophic 1 | . 1 . Database Lockouts . | . . . Manual 3 | . 3 . Terminals 9 | . 9 . Fabricators . | . . . Repair Stations . | . . . Recycling Units . | . . . Scanalyzers . | . . . Garrison Access . | . . . Terminal Hacks 4 | . 4 . Branch Access Points 1 | . 1 . Unreport Threat 1 | . 1 . Locate Traps 1 | . 1 . Zone Layout 1 | . 1 . Fabricator Hacks . | . . . Repair Station Hacks . | . . . Recycling Unit Hacks . | . . . Scanalyzer . | . . . Garrison Access Hacks . | . . . Unauthorized Hacks . | . . . Terminals . | . . . Fabricators . | . . . Repair Stations . | . . . Recycling Units . | . . . Scanalyzers . | . . . Garrison Access . | . . . Data Cores Recovered . | . . . Used . | . . . Hacking Detections 3 | . 3 . Full Trace Events 1 | . 1 . Feedback Events . | . . . Feedback Blocked . | . . . Robot Schematics Acquired . | . . . Robots Built . | . . . Authchips . | . . . Time . | . . . Total Robot Build Rating . | . . . Part Schematics Acquired . | . . . Parts Built . | . . . Authchips . | . . . Time . | . . . Total Part Build Rating . | . . . Parts Repaired . | . . . Time . | . . . Parts Recycled . | . . . Recycled Matter . | . . . Retrieved Matter . | . . . Retrieved Components . | . . . Parts Scanalyzed . | . . . Part Schematics Acquired . | . . . Parts Damaged . | . . . Bothacking | -11 -10 -10 ------------ Run | Yrd Mat Min Used RIF Installer . | . . . Robots Hacked . | . . . Non-combat . | . . . Combat . | . . . Robot Hacks Applied . | . . . Relay Couplers Released . | . . . Fabnet Peak Effective % . | . . . Robots Rewired . | . . . Allies Hacked . | . . . Hacks Repelled . | . . . Allies | -11 -10 -10 -------- Run | Yrd Mat Min Total Allies 2 | . . 2 Largest Group 2 | . . 2 Highest-Rated Group 46 | . . 46 Highest-Rated Ally 31 | . . 31 Total Orders . | . . . Ally Attacks 3 | . . 3 Total Damage 22 | . . 22 Kills 1 | . . 1 Allies Corrupted . | . . . Allies Melted . | . . . Intel | -11 -10 -10 ------- Run | Yrd Mat Min Active Infowar (turns) . | . . . Robot Analysis Total . | . . . Derelict Logs Recovered . | . . . Drone Launches . | . . . Drone Recoveries . | . . . Exploration | -11 -10 -10 ------------- Run | Yrd Mat Min Turns Passed 824 | 178 518 128 Spaces Moved 429 | 100 247 82 Core 45 | 6 . 39 Treads 359 | 91 238 30 Legs 12 | 3 9 . Wheels 13 | . . 13 Hover . | . . . Flight . | . . . Fastest Speed 50 | 50 120 50 Average Speed 146 | 152 158 102 Slowest Speed 160 | 160 160 160 Overloaded Moves . | . . . Propulsion Burnouts . | . . . Robots Hopped . | . . . Potential Cave-ins 2 | . . 2 Cave-ins Triggered . | . . . Exploration Rate (%) 23 | 5 42 22 Regions Visited 2 Branch Regions 1 Pre-discovered Areas . | . . . Known Exits Taken 1 | . 1 . Unknown Exits Taken 1 | 1 . . Scrap Searched . | . . . Spaces Dug . | . . . Terrain Destroyed . | . . . Melee . | . . . Projectile . | . . . AOE . | . . . Terrain Rammed . | . . . Walls Destroyed . | . . . Machines Disabled . | . . . Actions | -11 -10 -10 --------- Run | Yrd Mat Min Total 558 | 120 327 111 Wait 43 | . 34 9 Move 427 | 99 246 82 Hop . | . . . Pick Up 12 | 6 6 . Fast Attach 8 | 6 2 . Attach 8 | 1 . 7 Detach 6 | 1 1 4 Swap 12 | 7 5 . Drop 6 | . 6 . Fire 36 | . 27 9 Melee . | . . . Ram . | . . . Kick . | . . . Crush . | . . . Escape Stasis . | . . . Rewire . | . . . Trap . | . . . Miscellaneous . | . . . Route ------- -11/Scrapyard -10/Materials (discovered 3 exits: [*Mat] / *Min x2) -10/Mines (discovered 1 exit: [*Mat]) History --------- Turn | Location | Event 12 | -11/Scrapyard | Discovered new exit (range 14) 179 | -11/Scrapyard | Entered Materials 207 | -10/Materials | Identified exit to Mines 307 | -10/Materials | Build established: Mutant 614 | -10/Materials | Discovered new exit (range 10) 697 | -10/Materials | Entered Mines 699 | -10/Mines | Discovered new exit (range 11) 745 | -10/Mines | Assembled infested the area 778 | -10/Mines | Core integrity fell below 50% 782 | -10/Mines | Released all parts (3) 784 | -10/Mines | Core integrity fell below 20% 813 | -10/Mines | Lost 7 parts (1p2n1u3w) 825 | -10/Mines | Destroyed by S-10 Pest with Light Assault Rifle Last Messages --------------- 00780_ U-05 Engineer lays Concrete. 00781_ Heat Sink destroyed. 00781_ Sml. Laser destroyed. 00781_ T-07 Excavator destroyed. 00781_ R-06 Scavenger collects Structural Scanner. 00782_ The unstable cave ceiling collapses. 00782_ U-05 Engineer lays Concrete. 00782_ Med. Laser destroyed. 00782_ Released Med. Storage Unit. 00782_ Released Ion Engine. 00782_ Released Lgt. Treads. 00783_ U-05 Engineer lays Concrete. 00784_ The unstable cave ceiling collapses. 00785_ U-05 Engineer lays Concrete. 00786_ R-06 Scavenger collects Lgt. Treads. 00787_ The unstable cave ceiling collapses. 00787_ U-05 Engineer lays Concrete. [Achievement: Slippery One] 00817_ MW-TPS(z) destroyed. Map ----- +----------------------------------------------------+ | ?????????????????????????????????????????????????? | | ?????????????????????????????????????????????????? | | ?????????????????????????????????????????????????? | | ?????????????????????????????????????????????????? | | ?????????????????????????????????????????????????? | | ?????????????????????????????????????????????????? | | ?????????????????????????????????????????????????? | | ?????????????????????????????????????????????????? | | ?????????????????????????????????????????????????? | | ?????????????????????????????????????????????????? | | ?????????????????????????????????????????????????? | | ?????????????????????????????????????????????????? | | ?????????????????????????????????????????????????? | | ?????????????????????????????????????????????????? | | ?????????????????????????????????????????????????? | | ?????????????????????????????????????????????????? | | ????????????????????????????????????????????????? | | ????????????????????????????????????????????????? | | ????????????????????????????????????????????????? | | ????????? ??????????????????????????????????????? | | ???????? ??????????????????????????????????????? | | ??????## ?????????????????????????????????????? | | ??????# ?????????????????????????????????????? | | #?????# ?????????############????????????????? | | #??????# #????##### s #????????????????? | | #???##### ##### @ s #????????????????? | | #???# ## ######s #????????????????? | | ##### ## ##???# #????????????????? | | ## ### #???# #????????????????? | | ## #???# #????????????????? | | ## #??? #????????????????? | | * #??? #????????????????? | | ! # ### ##??? #????????????????? | | ## #### ##?####????$ ##????????????????? | | #??### ##????????? #?????????????????? | | ##????######?????????? ##?????????????????? | | #???????????????????? #???????????????????? | | % ##???????????????????? ????????????????????? | | #???????????????????? %????????????????????? | | ##??????????????????? ????????????????????? | | ###????????????????? ????????????????????? | | ##???????????????? ?????????????????????? | | ####" #??????????????????????????????????????? | | ???#%# #??????????????????????????????????????? | | ???#"## ##??????????????????????????????????????? | | ???# #?###???????????????????????????????????????? | | ???# #???????????????????????????????????????????? | | ???# #???????????????????????????????????????????? | | ???# #???????????????????????????????????????????? | | ?### ####????????????????????????????????????????? | +----------------------------------------------------+ Best States ------------- Heat Dissipation 35 Energy Generation 10 Energy Capacity 250 Matter Stores 300 Matter Capacity 300 Sight Range 16 Terrain Scan Density 10 Evasion (%) 50 Recoil Reduction 2 Item Schematics ----------------- None Robot Schematics ------------------ None Fabricated ------------ Nothing Repaired ---------- Nothing Alien Tech Used ----------------- None Achievements -------------- Slippery One Challenges ------------ None Game ------ Seed SignalGaussKit Manual? 0 Play Time 00:27:11 Cumulative 45.8 hours Start 2025.07.02 @ 14:46:41 End 2025.07.02 @ 18:27:32 Sessions 4 Manual Loads 0 Difficulty Rogue Special Mode None Game No. 54 Rogue 54 Adventurer 0 Explorer 0 Win Type - Total 0 Types 0/0/0/0/0/0/0/0/0/0 Lore% 16 Gallery% 33 Achievement% 27 Wizard Run 0 Options --------- Layout 1 ASCII 0 Keyboard 0 Movement Mouse Keybinds 0 Fullscreen 2 Font 48/Smallcaps Map View 50x35 Zoom Use 0% Tactical HUD 1 Map Filters NONE Filters NONE Steam 0 RUN: ed330fab-7ff4-4d57-9f76-59424fdfe3e7